 Dungeon Crawl Stone Soup version 0.29.1-15-g9cfb28693d (webtiles) character file.

Game seed: 4900641144243990355

340 Barneous the Covert (level 6, -1/38 HPs)
             Began as an Octopode Wanderer on Mar 23, 2023.
             Slain by an ogre
             ... wielding a +0 giant spiked club
              (32 damage)
             ... on level 5 of the Dungeon.
             The game lasted 00:10:33 (2979 turns).

Barneous the Covert (Octopode Wanderer)             Turns: 2979, Time: 00:10:34

Health: -1/38      AC:  1    Str:  8 (9)  XL:     6   Next: 56%
Magic:  12/14      EV: 15    Int: 18      God:
Gold:   165        SH:  0    Dex: 12      Spells: 14/16 levels left

rFire   . . .      SeeInvis .   s - +2 short sword (vamp)
rCold   . . .      Faith    .   (no shield)
rNeg    . . .      Spirit   .   (helmet restricted)
rPois   .          Reflect  .   d - amulet of regeneration
rElec   .          Harm     .   (no ring)
rCorr   .          Rampage  .   (no ring)
Will    .....                   (no ring)
Stlth   +++++.....              (no ring)
HPRegen 0.92/turn               (no ring)
MPRegen 0.14/turn               (no ring)
                                (no ring)
                                (no ring)

@: about to teleport, very slightly contaminated
A: almost no armour, amphibious, 8 rings, camouflage 1, gelatinous body 1,
(nimble swimmer 1), tentacles, deterioration 1, MP-powered wands
a: no special abilities


You were on level 5 of the Dungeon.
You visited 1 branch of the dungeon, and saw 5 of its levels.

You collected 165 gold pieces.

Inventory:

Hand Weapons
 s - a +2 vampiric short sword (weapon)
Missiles
 a - 2 throwing nets
Jewellery
 d - an amulet of regeneration (around mantle)
 e - an amulet of magic regeneration
 f - an amulet of faith
 k - a ring of ice
 n - an amulet of reflection
Wands
 c - a wand of polymorph (4)
Scrolls
 g - a scroll of amnesia
 h - 2 scrolls of fear
Potions
 b - a potion of berserk rage
 i - 4 potions of flight
 j - a potion of invisibility
 m - 4 potions of curing
 o - a potion of magic
 p - a potion of might
 q - a potion of heal wounds


   Skills:
 + Level 1.1 Fighting
 + Level 1.0 Short Blades
 + Level 6.0 Dodging
 + Level 9.4 Stealth
 + Level 5.8 Spellcasting
 + Level 1.2 Transmutations
 + Level 4.3 Poison Magic
 + Level 4.1 Evocations


You had 14 spell levels left.
You knew the following spells:

 Your Spells              Type           Power      Damage    Failure   Level
a - Sting                 Tmut/Pois      60%        1d6       3%          1
b - Necrotise             Necr           20%        1d5       12%         1

Your spell library contained the following spells:

 Spells                   Type           Power      Damage    Failure   Level
 Apportation              Tloc           10%        N/A       12%         1
 Summon Small Mammal      Summ           20%        N/A       12%         1
 Mephitic Cloud           Conj/Pois/Air  10%        N/A       21%         3
 Iskenderun's Battlesphe  Conj           5%         2d6       98%         5
 Iron Shot                Conj/Erth      2%         9d2       100%        6
 Spellforged Servitor     Conj/Summ      2%         N/A       100%        7


Dungeon Overview and Level Annotations

Branches:
Dungeon (5/15)
 Temple: D:4-7

Altars:
Dithmenos

Shops:
D:4 :


Innate Abilities, Weirdness & Mutations

You cannot wear most types of armour.
You are amphibious.
You can wear up to eight rings at the same time.
Your skin changes colour to match your surroundings (Stealth+).
Your rubbery body absorbs attacks. (AC +1, EV +1)
((You are camouflaged when in or above water. (Stealth+)))
You have tentacles for arms and can constrict up to eight enemies at once.
Your body sometimes deteriorates upon taking damage.
You expend magic power (3 MP) to strengthen your wands.


Message History

You see here 10 gold pieces.
The helpless orc fails to defend itself.
You impale the orc!!
You kill the orc!
You now have 165 gold pieces (gained 10).
You see here a +0 hand axe.
An ogre comes into view. It is wielding a +0 giant spiked club.
You see here 12 gold pieces.
An orc comes into view. It is wielding a +0 war axe.
The ogre shouts!
An adder comes into view.
An orc comes into view. It is wielding a +0 club.
The ogre misses you.
You barely miss the ogre.
Aiming: Sting (safe; 3% risk of failure)
Press: ? - help, Q - select action, (/) - cycle Shift-Dir - straight line, f - ogre
Aim: an ogre, wielding a +0 giant spiked club (88% to hit)
You miscast Sting.
You are very lightly contaminated with residual magic.
Nothing appears to happen.
The adder hisses angrily.
The orc shouts!
You hear a bark!
The ogre closely misses you.
An orc comes into view. It is wielding a +0 dagger.
As you read the scroll of teleportation, it crumbles to dust.
You feel strangely unstable. The orc hits you with a +0 war axe!
The ogre closely misses you.
As you read the scroll of fear, it crumbles to dust.
You assume a fearsome visage.
The adder looks frightened!
The ogre looks frightened!
The orc looks frightened! x3
Aiming: Sting (safe; 3% risk of failure)
Press: ? - help, Q - select action, (/) - cycle Shift-Dir - straight line, f/p - ogre
Aim: an ogre, wielding a +0 giant spiked club (fleeing, 88% to hit)
The sting hits the ogre.
The ogre is poisoned.
The ogre is lightly wounded.
Your attack snaps the ogre out of its fear.
The ogre hits you with a +0 giant spiked club!!
Ouch! That really hurt!
You die...

......
..#......)##
.....
..$.......# ..
.....
##........####..
...
................
...
....#...$....###
...###.........#
..> #..........
#...$.#.##.
##.@..#...
#.O### ... .o..#
.. .......
......##. .....S
#. .....# .
..... ..


You could see an ogre (poisoned), an adder (fleeing) and an orc (fleeing).

Vanquished Creatures
  A necrophage (D:3)
  A hound (D:4)
  2 jellies (D:4)
  2 iguanas (D:4)
  A gnoll (D:1)
  2 adders
  2 dart slugs
  4 orcs
  5 endoplasms (D:4)
  2 giant cockroaches
  6 goblins
  5 hobgoblins
  3 jackals (D:1)
  2 quokkas
  7 ball pythons
  7 bats
  A frilled lizard (D:1)
  4 kobolds
  4 rats
61 creatures vanquished.

Notes
Turn   | Place    | Note
-------+----------+-------------------------------------------
     0 | D:1      | Barneous the Octopode Wanderer began the quest for the Orb.
     0 | D:1      | Barneous set off with the following items: a +2 dagger, a
                  | potion of berserk rage, a wand of polymorph (4), a potion
                  | of attraction; and the following spell memorised: Sting;
                  | and the following spells available to memorise: Mephitic
                  | Cloud.
     0 | D:1      | Reached XP level 1. HP: 13/13 MP: 2/2
    54 | D:1      | Gained mutation: You expend magic power (3 MP) to
                  | strengthen your wands. [potion of mutation]
    54 | D:1      | Gained mutation: Your body sometimes deteriorates upon
                  | taking damage. [potion of mutation]
   135 | D:1      | Reached XP level 2. HP: 18/18 MP: 1/3
   505 | D:1      | Reached XP level 3. HP: 23/23 MP: 0/4
   753 | D:2      | Reached skill level 3 in Stealth
   894 | D:2      | Learned a level 1 spell: Necrotise
   920 | D:2      | Reached skill level 5 in Dodging
   920 | D:2      | Reached skill level 9 in Stealth
   920 | D:2      | Reached skill level 5 in Spellcasting
   920 | D:2      | Reached XP level 4. HP: 28/28 MP: 4/11
  1496 | D:3      | Noticed a necrophage
  1506 | D:3      | Killed a necrophage
  1507 | D:3      | Reached XP level 5. HP: 28/33 MP: 11/13
  2326 | D:4      | Reached XP level 6. HP: 38/38 MP: 14/14
  2524 | D:4      | Found Yloidona's Self-Improvement Boutique.
  2680 | D:4      | Reached skill level 1 in Transmutations
  2873 | D:4      | Found a shadowy altar of Dithmenos.
  2922 | D:5      | Entered Level 5 of the Dungeon
  2928 | D:5      | Reached skill level 1 in Short Blades
  2979 | D:5      | Slain by an ogre

Illustrated notes

Levels and vault maps discovered:
D:1:      roderic_octagonal_star, layout_basic, minmay_split_cup_large
D:2:      layout_rooms
D:3:      wad_lake_hut, layout_basic, serial_rivers,
          chequers_serial_rivers_large_b, chequers_serial_rivers_marsh,
          chequers_serial_rivers_small_3, chequers_serial_rivers_micro_b,
          chequers_serial_rivers_micro_e, hangedman_decor_lopped
D:4:      layout_basic, nicolae_dithmenos_through_a_glass_darkly,
          minmay_liquid_box, nicolae_shop_self_help
D:5:      layout_cave_pools, minmay_temple_entry_statues_pillars

Skill      XL: |  1  2  3  4  5  6 |
---------------+-------------------+-----
Poison Magic   | 4 |  4.3
Evocations     | 4 |  4.1
Stealth        | 9 |  9.4
Dodging        | 5 6 |  6.0
Spellcasting   | 5 |  5.8
Transmutations | 1 |  1.2
Short Blades   | 1 |  1.0
Fighting       | |  1.1

Action                   |  1- 3 |  4- 6 || total
-------------------------+-------+-------++-------
Melee: Dagger            |    41 |       ||    41
       Constrict         |    12 |     7 ||    19
       Tentacles         |     7 |     4 ||    11
       Punch             |     1 |     1 ||     2
       Short sword       |       |    54 ||    54
 Cast: Sting             |    19 |    12 ||    31
  Use: Potion            |     3 |     1 ||     4
       Scroll            |     7 |     7 ||    14
 Stab: Sleeping          |     1 |    21 ||    22
Armor: Skin              |     8 |     2 ||    10
Dodge: Dodged            |    34 |    15 ||    49
